 Dungeon Crawl Stone Soup version 0.31.0-32-g396128a36d (webtiles) character file.

Game seed: 16584542146788867531

5362 Tovical the Basher (level 10, -9/56 HPs)
             Began as a Gargoyle Fighter on Mar 16, 2024.
             Was an Elder of Zin.
             Mangled by Sonja
             ... wielding a +0 short sword of distortion
              (12 damage)
             ... on level 10 of the Dungeon on Mar 17, 2024.
             The game lasted 00:34:00 (8018 turns).

Tovical the Basher (Gargoyle Fighter)               Turns: 8018, Time: 00:34:01

Health: -9/56      AC: 24    Str: 21    XL:     10   Next: 65%
Magic:  16/16      EV:  9    Int: 12    God:    Zin [****..]
Gold:   548        SH:  0    Dex:  9    Spells: 9/9 levels left

rFire   . . .        a - +6 flail (freeze)
rCold   . . .        h - orb {light}
rNeg    + . .        n - +4 scale mail
rPois   ∞            i - +1 helmet
rElec   +            q - +0 cloak
rCorr   .            (no gloves)
SInv    +            u - +1 pair of boots
Will    .....        k - amulet of regeneration Stlth
                     (no ring)
HPRegen 1.09/turn    (no ring)
MPRegen 0.15/turn

%: no passive effects
@: on recite cooldown, hasted, glowing, very quick
A: sickness immunity, AC +7, negative energy resistance 1, electricity
resistance, torment resistance 1, petrification resistance, see invisible
a: Renounce Religion, Recite, Vitalisation, Imprison, Donate Gold


You were on level 10 of the Dungeon.
You worshipped Zin.
Zin was greatly pleased with you.
You visited 2 branches of the dungeon, and saw 12 of its levels.
You visited the Abyss 1 time.

You collected 608 gold pieces.
You donated 60 gold pieces to Zin.

Inventory:

Hand Weapons
 a - a +6 flail of freezing (weapon)
 b - a +1 whip of flaming
Armour
 c - a +0 buckler
 h - an orb of light (worn)
 i - a +1 helmet (worn)
 n - a +4 scale mail (worn)
 q - a +0 cloak (worn)
 u - a +1 pair of boots (worn)
 w - a +1 leather armour of cold resistance
Magical Staves
 A - a staff of earth
Jewellery
 k - an amulet of regeneration (around neck)
Wands
 x - a wand of flame (7)
 y - a wand of digging (4)
Scrolls
 e - 3 scrolls of noise
 f - 2 scrolls of identify
 l - a scroll of amnesia
 r - 2 scrolls of poison
 B - a scroll of butterflies
Potions
 d - 6 potions of attraction
 g - 2 potions of curing
 j - 3 potions of brilliance
 o - 2 potions of cancellation
 t - a potion of enlightenment


   Skills:
 - Level 3.2 Fighting
 + Level 12.8 Maces & Flails
 - Level 6.0 Armour
 - Level 3.2 Shields
 - Level 8.3 Invocations


You had 9 spell levels left.
You didn't know any spells.
Your spell library contained the following spells:

 Spells                   Type           Power      Damage    Failure   Level
 Gell's Gravitas          Tloc           0%         N/A       94%         3
 Teleport Other           Tloc           0%         N/A       94%         3
 Dispersal                Tloc           0%         N/A       100%        6


Dungeon Overview and Level Annotations

Branches:
Dungeon (11/15)            Temple (1/1) D:4             Orc (0/2) D:9
   Lair: D:8-11

Altars:
Ashenzari
Cheibriados
Dithmenos
Elyvilon
Fedhas
Gozag
Hepliaklqana
Kikubaaqudgha
Makhleb
Nemelex Xobeh
Okawaru
Qazlal
Ru
Sif Muna
Trog
Uskayaw
Vehumet
Wu Jian
Xom
Yredelemnul
Zin
The Shining One

Annotations:
D:10 Sonja


Innate Abilities, Weirdness & Mutations

You are immune to sickness and miasma.
Your stone body is resilient. (AC +7)
You are immune to poison.
You resist negative energy. (rN+)
You are resistant to electric shocks. (rElec)
You are resistant to unholy torment.
You are immune to petrification.
You have supernaturally acute eyesight. (SInv)


Message History

The kobold brigand is almost dead. "...and just, and not a voice dissented."
You finish reciting Anathema 7:56.
The kobold brigand misses you.
You thump the kobold brigand! You freeze the kobold brigand.
You kill the kobold brigand!
The orc hits you but does no damage.
You sock the orc priest! You freeze the orc priest.
The orc priest is almost dead.
You hear an angry buzzing noise.
You thump the orc priest! You freeze the orc priest.
You kill the orc priest!
You hear an angry buzzing noise. x2
The orc hits you but does no damage.
You thump Sonja! You freeze Sonja.
Sonja is almost dead.
Sonja hits you but does no damage. Space warps horribly around you!
* * * LOW HITPOINT WARNING * * *
Sonja hits you but does no damage. Space warps around you.
* * * LOW HITPOINT WARNING * * *
Sonja closely misses you.
You hear an angry buzzing noise.
You miss Sonja.
Sonja is almost dead.
You hear an angry buzzing noise.
The orc hits you but does no damage.
You miss Sonja.
Sonja is almost dead.
Sonja hits you with a +0 short sword of distortion.
* * * LOW HITPOINT WARNING * * *
Space warps around you.
* * * LOW HITPOINT WARNING * * *
Sonja barely misses you. Sonja hits you but does no damage.
You closely miss Sonja.
Sonja is almost dead.
Sonja hits you with a +0 short sword of distortion.
* * * LOW HITPOINT WARNING * * *
Space warps horribly around you!
You die...
Sonja takes a bow.

..###....#.........
#.......[.....##..#
#...........#.##..#### #
.......)°.###..#.....#..
##..)K.)°..# #..........
..!..o°..#[# #..........
######°.°#o###..........
#oK.#......o.......
##@######o.o....... #.#
#.......... #..#
#.......... +.##
........#.. +.
....######## ## #....#
#....#


You could see Sonja (dazed), an orc wizard (invisible, blind, unable to see
you), an orc (mute) and a kobold.

Vanquished Creatures
  Pikel (D:7)
  Joseph (D:7)
  A komodo dragon (D:10)
  Grinder (D:6)
  A wyvern (D:7)
  2 wraiths (D:10)
  2 steam dragons (D:7)
  2 water moccasins
  An ice beast (D:7)
  2 black bears
  A sky beast (D:7)
  2 orc warriors
  2 ogres
  A small abomination (Abyss:2)
  A centaur (D:8)
  A lemure (D:7)
  5 kobold brigands
  2 gnoll sergeants
  3 scorpions
  5 bullfrogs
  5 killer bees (D:9)
  4 howler monkeys
  2 bombardier beetles
  3 jellies
  5 orc priests
  2 hounds
  2 sleepcaps (D:5)
  A gnoll bouda (D:6)
  Terence (D:2)
  4 iguanas
  7 orc wizards
  10 adders
  10 gnolls
  2 shadow imps
  2 dart slugs
  30 orcs
  5 bats
  11 endoplasms
  4 giant cockroaches
  9 hobgoblins
  2 jackals (D:4)
  A quokka (D:1)
  14 ball pythons
  6 frilled lizards
  9 goblins
  39 kobolds
  10 rats
237 creatures vanquished.

Notes
Turn   | Place    | Note
-------+----------+-------------------------------------------
     0 | D:1      | Tovical the Gargoyle Fighter began the quest for the Orb.
     0 | D:1      | Reached XP level 1. HP: 14/14 MP: 1/1
   276 | D:1      | Reached XP level 2. HP: 19/19 MP: 2/2
   348 | D:1      | Reached skill level 3 in Maces & Flails
   699 | D:1      | Reached XP level 3. HP: 23/23 MP: 3/3
  1311 | D:2      | Noticed Terence
  1327 | D:2      | Killed Terence
  1328 | D:2      | Reached skill level 4 in Maces & Flails
  1328 | D:2      | Reached XP level 4. HP: 15/28 MP: 4/4
  1405 | D:2      | Identified the +3 leather armour of the Comet {rElec
                  | Regen+}
  1454 | D:2      | Identified the +8 ring mail of Nalad {Harm rPois Will-
                  | Slay+4}
  1719 | D:3      | Found a blossoming altar of Fedhas.
  1742 | D:3      | Found a stormy altar of Qazlal.
  2010 | D:3      | Reached XP level 5. HP: 32/32 MP: 5/5
  2393 | D:3      | Found a hazy altar of Hepliaklqana.
  2483 | D:3      | Found a shadowy altar of Dithmenos.
  2592 | D:3      | Gained mutation: You have supernaturally acute eyesight.
                  | (SInv) [potion of mutation]
  2593 | D:3      | HP: 1/32 [kobold/+0 short sword (2)]
  2602 | D:3      | HP: 1/32 [orc/+0 short sword (3)]
  2894 | D:4      | Reached skill level 5 in Maces & Flails
  2894 | D:4      | Reached XP level 6. HP: 33/37 MP: 6/6
  2921 | D:5      | Entered Level 5 of the Dungeon
  2945 | D:4      | Reached skill level 5 in Armour
  3287 | D:4      | Found a staircase to the Ecumenical Temple.
  3296 | Temple   | Entered the Ecumenical Temple
  3315 | D:4      | Reached XP level 7. HP: 41/41 MP: 7/7
  3481 | D:5      | Found a glowing silver altar of Zin.
  3484 | D:5      | Became a worshipper of Zin the Law-Giver
  3484 | D:5      | Reached * piety under Zin
  3523 | D:5      | Reached skill level 6 in Maces & Flails
  3582 | D:5      | Reached skill level 1 in Invocations
  3748 | D:5      | Reached XP level 8. HP: 34/46 MP: 10/10
  3762 | D:5      | Reached skill level 7 in Maces & Flails
  3891 | D:5      | Found a shimmering altar of Xom.
  4359 | D:7      | Noticed Pikel
  4549 | D:6      | Reached skill level 5 in Invocations
  4594 | D:6      | Reached ** piety under Zin
  4665 | D:6      | Reached skill level 8 in Maces & Flails
  4754 | D:6      | Reached XP level 9. HP: 46/51 MP: 13/13
  4763 | D:7      | Noticed Joseph
  4966 | D:6      | Noticed Grinder
  4985 | D:6      | Killed Grinder
  5151 | D:6      | Found a sacrificial altar of Ru.
  5293 | D:7      | Killed Pikel
  5294 | D:7      | Reached skill level 9 in Maces & Flails
  5359 | D:7      | Found an iron altar of Okawaru.
  5402 | D:7      | Found a sparkling altar of Nemelex Xobeh.
  5728 | D:7      | Reached skill level 10 in Maces & Flails
  5757 | D:7      | Killed Joseph
  5758 | D:7      | Reached XP level 10. HP: 31/56 MP: 16/16
  6040 | D:7      | Reached skill level 11 in Maces & Flails
  6053 | D:7      | Reached *** piety under Zin
  6312 | D:7      | Found a glowing golden altar of the Shining One.
  6962 | D:8      | Reached **** piety under Zin
  7311 | D:8      | Noticed an eight-headed hydra
  7554 | D:9      | Identified the +1 leather armour of Cocytus {rF+ SInv}
  7573 | D:9      | Found a staircase to the Orcish Mines.
  7575 | D:10     | Entered Level 10 of the Dungeon
  7618 | D:9      | Reached skill level 12 in Maces & Flails
  7678 | D:9      | Found an ancient bone altar of Kikubaaqudgha.
  7685 | D:9      | Found a radiant altar of Vehumet.
  7765 | D:9      | Noticed a cyclops
  7870 | D:10     | Noticed a boulder beetle
  7912 | D:10     | Noticed Sonja
  7920 | Abyss:2  | Found a corrupted altar of Lugonu.
  7920 | Abyss:2  | Cast into level 2 of the Abyss (Sonja)
  7921 | Abyss:2  | Found a corrupted altar of Lugonu.
  7925 | Abyss:2  | Zin protects you from harm!
  7982 | D:10     | Escaped the Abyss
  8018 | D:10     | Mangled by Sonja

Illustrated notes

Levels and vault maps discovered:
D:1:      tarquinn_simple_flora_water_b, layout_loops_cross
D:2:      layout_rooms, serial_glass, glass_columns_c, glass_columns_a,
          solitary_fountain, grunt_ministairs_6, minivault_11, uniq_terence
D:3:      minmay_chambers_of_twos, layout_basic, old_standard_altar,
          mainiacjoe_overflow_brackets, overflow_temple_1_default,
          lemuel_round_altar, minmay_fractal_squares_diagonal_5
D:4:      minmay_evil_eye, layout_cave_pools, minmay_temple_entry_overgrown
D:5:      layout_loops_ring, lemuel_coloured_pillars_altar, kennysheep_mini,
          minmay_stone_trees_medium, roderic_cross_of_infinity
D:6:      layout_gridville, nicolae_ru_the_path_less_chosen, uniq_grinder
D:7:      layout_layer_cave, nemelex_xobeh_ov_fountains_minmay,
          okawaru_altar_gauntlet_db, mainiacjoe_overflow_alcove_1,
          palyth_stone_intersect, uniq_pikel, uniq_joseph
D:8:      layout_loops_cross, minmay_microvault
D:9:      layout_big_octagon, mainiacjoe_overflow_big_doors, david_orc_2,
          small_statue_intersection, lightli_minifort
D:10:     minmay_bloctagon, layout_rooms, nicolae_looking_at_the_future,
          uniq_sonja
D:11:     layout_gridville, grunt_lair_entry_orc_guard_hut, serial_shops,
          nicolae_shop_tiny_real_fake_doors, minmay_bent
Temple:   hellmonk_temple_beads

Skill      XL: |  1  2  3  4  5  6  7  8  9 10 |
---------------+-------------------------------+-----
Maces & Flails | 3 4 5 6 8 10 12 | 12.8
Armour         | 4 5 6 |  6.0
Invocations    | 3 6 8 |  8.3
Fighting       | |  3.2
Shields        | |  3.2

Action                     |  1- 3 |  4- 6 |  7- 9 | 10-12 || total
---------------------------+-------+-------+-------+-------++-------
  Melee: Flail             |   119 |   184 |    67 |    80 ||   450
         Spear             |       |       |   263 |   102 ||   365
  Throw: Throwing net      |       |     1 |     2 |     1 ||     4
 Invoke: Recite            |       |       |     3 |     5 ||     8
    Use: Scroll            |       |    11 |     6 |    10 ||    27
         Potion            |       |     7 |       |     3 ||    10
   Stab: Invisible         |       |     1 |       |       ||     1
         Held in net/web   |       |     1 |       |       ||     1
 Armour: Scale mail        |    86 |   136 |   274 |   176 ||   672
  Dodge: Dodged            |    54 |    74 |   148 |    84 ||   360
  Block: Buckler           |    19 |    17 |       |       ||    36
